 Dungeon Crawl Stone Soup version 0.30-a0-476-g330ca2eb8e (webtiles) character file.

Game seed: 11668494723217976215

753 Raultor the Changer (level 7, -2/51 HPs)
             Began as an Octopode Transmuter on Dec 21, 2022.
             Slain by an orc
             ... wielding a +0 hand axe
              (3 damage)
             ... on level 5 of the Dungeon.
             The game lasted 00:07:54 (3516 turns).

Raultor the Changer (Octopode Transmuter)           Turns: 3516, Time: 00:07:54

Health: -2/51      AC:  7    Str: 10    XL:     7   Next: 78%
Magic:  8/10       EV: 10    Int: 17    God:
Gold:   180        SH:  0    Dex: 12    Spells: 3/10 levels left

rFire   x . .      SeeInvis .      - Unarmed
rCold   + + +      Faith    .    (shield currently unavailable)
rNeg    . . .      Spirit   .    (helmet currently unavailable)
rPois   +          Reflect  .    (no amulet)
rElec   .          Harm     .    (no ring)
rCorr   .          Rampage  .    (no ring)
Will    .....                    (no ring)
Stlth   +.........               (no ring)
HPRegen 0.28/turn                (no ring)
MPRegen 0.12/turn                (no ring)
                                 (no ring)
                                 (no ring)

@: ice-form
A: freezing attack, boosted hp, almost no armour, amphibious, 8 rings, large,
(camouflage 1), (gelatinous body 1), (nimble swimmer 1), (tentacles)
a: End Transformation


You were on level 5 of the Dungeon.
You were a creature of crystalline ice.
You visited 1 branch of the dungeon, and saw 6 of its levels.

You collected 180 gold pieces.


Innate Abilities, Weirdness & Mutations

You are a creature of crystalline ice.
You have a powerful freezing melee attack.
Your maximum health is increased.
Your armour is entirely melded.
You are incapable of wielding weapons or throwing items.
You cannot wear most types of armour.
You are amphibious.
You can wear up to eight rings at the same time.
((Your skin changes colour to match your surroundings (Stealth+).))
((Your rubbery body absorbs attacks. (AC +1, EV +1)))
((You are camouflaged when in or above water. (Stealth+)))
((You have tentacles for arms and can constrict up to eight enemies at once.))


   Skills:
 - Level 1.0 Fighting
 - Level 2.0 Dodging
 + Level 4.7 Unarmed Combat
 - Level 2.0 Spellcasting
 * Level 5.6 Transmutations
 * Level 5.0 Ice Magic


You had 3 spell levels left.
You knew the following spells:

 Your Spells              Type           Power      Damage    Failure   Level
b - Beastly Appendage     Tmut           42%        N/A       1%          1
c - Ice Form              Ice/Tmut       19%        N/A       22%         4
w - Wereblood             Tmut           21%        N/A       2%          2

Your spell library contained the following spells:

 Spells                   Type           Power      Damage    Failure   Level
 Apportation              Tloc           2%         N/A       19%         1
 Necrotise                Necr           4%         1d4       19%         1
 Summon Small Mammal      Summ           4%         N/A       19%         1
 Spider Form              Tmut/Pois      11%        N/A       19%         3
 Sublimation of Blood     Necr           1%         N/A       28%         2
 Summon Hydra             Summ           0%         N/A       100%        7

Inventory:

Magical Staves
 r - a staff of fire {!a}
Wands
 e - a wand of digging (5)
 k - a wand of polymorph (7)
Scrolls
 a - 5 scrolls of teleportation {unknown}
 b - a scroll of amnesia {unknown}
 c - 2 scrolls of blinking {unknown}
 d - 4 scrolls of identify {@r1}
 f - a scroll of poison {unknown}
 g - 2 scrolls of fear {unknown}
 i - a scroll of immolation {unknown}
 j - a scroll of butterflies {unknown}
 m - a scroll of fog {unknown}
 n - a scroll of enchant weapon {unknown}
 p - a scroll of magic mapping {unknown}
Potions
 h - a potion of degeneration
 l - a potion of invisibility {unknown}
 o - a potion of flight {unknown}
 q - a potion of cancellation

Dungeon Overview and Level Annotations

Branches:
Dungeon (6/15)
 Temple: D:4-7

Altars:
Elyvilon
Yredelemnul

Annotations:
D:5 Dowan, Duvessa

## # ..
#.###.#
#.oY).#
###.†##
##.# .#
.# .#
.# .#


You could see an orc.


Message History

Unknown command.
The bullfrog hits you but does no damage.
The orc priest hits you with a +0 hand axe.
* * * LOW HITPOINT WARNING * * *
The orc hits you but does no damage.
The orc priest calls upon Beogh to heal the orc priest.
The bullfrog hits you but does no damage.
You climb upwards.
Level annotation: Dowan, Duvessa Reactivating autopickup.
There is a stone staircase leading down here.
You punch the orc priest! You freeze the orc priest.
You kill the orc priest!
The bullfrog hits you.
* * * LOW HITPOINT WARNING * * *
The orc closely misses you.
You closely miss the bullfrog. The bullfrog hits you.
* * * LOW HITPOINT WARNING * * *
The orc hits you with a +0 hand axe.
* * * LOW HITPOINT WARNING * * *
The bullfrog hits you.
* * * LOW HITPOINT WARNING * * *
You punch the bullfrog! You freeze the bullfrog.
The bullfrog is severely wounded.
The orc barely misses you. The bullfrog hits you.
* * * LOW HITPOINT WARNING * * *
You punch the bullfrog! You freeze the bullfrog.
You kill the bullfrog!
The orc hits you with a +0 hand axe.
You die...

Skill      XL: |  1  2  3  4  5  6  7 |
---------------+----------------------+-----
Ice Magic      | 1 3 4 5 |  5.0
Transmutations | 4 5 |  5.6
Unarmed Combat | 4 |  4.7
Fighting       | |  1.0
Dodging        | |  2.0
Spellcasting   | |  2.0

Action                   |  1- 3 |  4- 6 |  7- 9 || total
-------------------------+-------+-------+-------++-------
Melee: Unarmed           |    76 |   113 |    27 ||   216
       Constrict         |    17 |    22 |       ||    39
       Tentacles         |     8 |    16 |       ||    24
       Kick              |     9 |    15 |       ||    24
       Punch             |       |     4 |       ||     4
 Cast: Beastly Appendage |     7 |    10 |       ||    17
       Ice Form          |       |     4 |     2 ||     6
       Wereblood         |       |     2 |     1 ||     3
  Use: Potion            |     3 |       |       ||     3
       Scroll            |     2 |       |       ||     2
 Stab: Sleeping          |       |     5 |       ||     5
Armor: Skin              |    13 |    13 |    17 ||    43
Dodge: Dodged            |    38 |    70 |    17 ||   125

Levels and vault maps discovered:
D:1:      dpeg_arrival_tiny_a, layout_rooms, chequers_garden,
          wander_ebering_terrifying_dragon_lair
D:2:      layout_basic, basic_altar, uniq_sigmund
D:3:      layout_basic, marbit_many_paths, kennysheep_generic_room_10,
          uniq_natasha
D:4:      layout_loops_cross, nicolae_eternal_life
D:5:      layout_loops_corners, uniq_duvessa
D:6:      layout_loops_cross, tgw_xom, minmay_temple_entry_mist

Notes
Turn   | Place    | Note
-------+----------+-------------------------------------------
     0 | D:1      | Raultor the Octopode Transmuter began the quest for the
                  | Orb.
     0 | D:1      | Reached XP level 1. HP: 13/13 MP: 3/3
   240 | D:1      | Reached XP level 2. HP: 16/18 MP: 5/5
   246 | D:1      | Reached skill level 1 in Ice Magic
   603 | D:2      | Reached XP level 3. HP: 23/23 MP: 4/6
   722 | D:2      | Noticed Sigmund
   789 | D:2      | Killed Sigmund
   790 | D:2      | Reached skill level 4 in Transmutations
   790 | D:2      | Reached skill level 3 in Ice Magic
   790 | D:2      | Reached XP level 4. HP: 28/28 MP: 7/7
   790 | D:2      | Reached XP level 5. HP: 33/33 MP: 8/8
   884 | D:2      | Found a white marble altar of Elyvilon.
   915 | D:2      | Learned a level 2 spell: Wereblood
   920 | D:2      | Learned a level 4 spell: Ice Form
  1204 | D:2      | Reached XP level 6. HP: 38/38 MP: 9/9
  1873 | D:3      | Reached skill level 4 in Unarmed Combat
  1980 | D:3      | Noticed Natasha
  1990 | D:3      | Killed Natasha
  2062 | D:3      | Found a basalt altar of Yredelemnul.
  3115 | D:5      | Entered Level 5 of the Dungeon
  3124 | D:5      | Reached skill level 4 in Ice Magic
  3234 | D:5      | Noticed Dowan
  3234 | D:5      | Noticed Duvessa
  3250 | D:6      | Reached XP level 7. HP: 43/43 MP: 1/10
  3255 | D:6      | Reached skill level 5 in Transmutations
  3411 | D:5      | Reached skill level 5 in Ice Magic
  3514 | D:5      | HP: 5/51 [orc/+0 hand axe (6)]
  3515 | D:5      | HP: 1/51 [bullfrog (3)]
  3516 | D:5      | Slain by an orc

Vanquished Creatures
  Sigmund (D:2)
  A black bear (D:6)
  An ogre (D:6)
  A bullfrog (D:5)
  A necrophage (D:6)
  A scorpion (D:6)
  A jelly (D:5)
  A hound (D:5)
  An orc priest (D:5)
  Natasha (D:3)
  3 gnolls (D:4)
  8 adders
  A white imp (D:4)
  An ufetubus (D:4)
  A worm (D:3)
  A dart slug (D:4)
  2 orcs
  3 endoplasms
  3 giant cockroaches
  4 goblins
  6 hobgoblins
  11 jackals
  A quokka (D:3)
  9 ball pythons
  6 bats
  2 frilled lizards (D:1)
  7 kobolds
  4 rats
83 creatures vanquished.

Table legend: (Time is in decaauts)
 A = Elapsed time spent in this place.
 B = Non-inter-level travel time spent in this place.
 C = Inter-level travel time spent in this place.
 D = Time resting spent in this place.
 E = Time spent auto-exploring this place.
 F = Levels seen in this place.
 G = Mean time per level.
                   A        B        C        D        E       F      G
               +--------+--------+--------+--------+--------+-----+--------+
         Total |   3500 |   3442 |     58 |    107 |   2690 |   6 |  583.3 |
       Dungeon |   3500 |   3442 |     58 |    107 |   2690 |   6 |  583.3 |
               +--------+--------+--------+--------+--------+-----+--------+

Top non-repeatable levels by time:
     D:4: 940 daAuts
     D:3: 842 daAuts
     D:2: 798 daAuts
     D:1: 520 daAuts
     D:5: 233 daAuts
     D:6: 164 daAuts

Table legend:
 A = Non-vault XP
 B = Vault XP
 C = Vault XP percentage of total XP
 D = Non-vault monster count
 E = Vault monster count
 F = Vault count percentage of total count
                 A         B        C        D         E       F
            +---------+---------+-------+---------+---------+-------
      Total |     881 |     291 |  24.8 |      78 |       5 |   6.0
            +---------+---------+-------+---------+---------+-------
        D:1 |      15 |       1 |   6.2 |      10 |       1 |   9.1
        D:2 |      64 |     239 |  78.9 |      19 |       1 |   5.0
        D:3 |      46 |      51 |  52.6 |      17 |       3 |  15.0
        D:4 |     128 |       0 |   0.0 |      23 |       0 |   0.0
        D:5 |     225 |       0 |   0.0 |       5 |       0 |   0.0
        D:6 |     403 |       0 |   0.0 |       4 |       0 |   0.0
            +---------+---------+-------+---------+---------+-------
